General information
- name: BNet
- type: Ladder team game (AT/RT)
- host: Battle.net
- saver: damendenie
map: LostTemple
- players: 4
- length: 16:44
- speed: Fast
- version: 1.24 W3XP
- replay type: Public
» download(111 KB)
Players
team 1 (winner)
damendenie (
teal | 123 APM | 2057 actions | 16:44)
6 Mountain King
3 Storm Bolt
2 Bash
1 Avatar
4 Paladin
2 Holy Light
2 Divine Shield
» actions
| Assign group hotkey | 43 | |
| Basic commands | 30 | |
| Build / train | 84 | |
| ESC pressed | 2 | |
| Enter build submenu | 32 | |
| Enter hero's abilities submenu | 10 | |
| Give item / drop item | 1 | |
| Right click | 678 | |
| Select / deselect | 649 | |
| Select group hotkey | 442 | |
| Use ability | 86 | |
2057 total
» units
| Peasant | 16 | |
| Footman | 2 | |
| Rifleman | 10 | |
| Mortar Team | 2 | |
| Flying Machine | 6 | |
| Dragonhawk Rider | 3 | |
39 total
» upgrades
| Gunpowder | 3 | |
| Masonry | 1 | |
| Armor | 1 | |
| Long Rifles | 1 | |
| Cloud | 1 | |
| Flak Cannons | 1 | |
8 total
» buildings
| Altar of Kings | 1 | |
| Barracks | 3 | |
| Farm | 10 | |
| Lumber Mill | 1 | |
| Town Hall | 1 | |
| Scout Tower | 7 | |
| Arcane Tower | 2 | |
| Blacksmith | 1 | |
| Guard Tower | 4 | |
| Arcane Vault | 2 | |
| Keep | 2 | |
| Workshop | 1 | |
| Gryphon Aviary | 1 | |
| Castle | 1 | |
37 total
» build order
00:06 Altar of Kings
00:18 Barracks
00:20 Barracks
00:33 Farm
00:48 Farm
01:52 Farm
02:29 Lumber Mill
03:02 Town Hall
03:04 Scout Tower
03:49 Arcane Tower
03:50 Scout Tower
04:05 Blacksmith
04:17 Guard Tower
04:55 Farm
04:56 Scout Tower
05:09 Barracks
05:16 Scout Tower
05:38 Arcane Vault
05:42 Arcane Vault
05:44 Guard Tower
06:07 Guard Tower
06:08 Farm
06:17 Keep
06:17 Keep
06:49 Farm
07:02 Farm
07:44 Scout Tower
07:46 Scout Tower
07:47 Scout Tower
08:35 Guard Tower
08:36 Arcane Tower
08:44 Workshop
10:51 Farm
10:51 Farm
11:22 Gryphon Aviary
13:37 Castle
15:58 Farm
» items
| Boots of Speed | 1 | |
| Scroll of Regeneration | 3 | |
| Lesser Clarity Potion | 4 | |
| Scroll of Town Portal | 2 | |
| Potion of Mana | 3 | |
| Potion of Healing | 1 | |
14 total
Got.noSpoon (
red | 132 APM | 2214 actions | 16:44)
3 Archmage
2 Summon Water Elemental
1 Brilliance Aura
4 Mountain King
2 Storm Bolt
2 Thunder Clap
» actions
| Assign group hotkey | 111 | |
| Basic commands | 19 | |
| Build / train | 91 | |
| Enter build submenu | 22 | |
| Enter hero's abilities submenu | 7 | |
| Give item / drop item | 2 | |
| Remove unit from queue | 3 | |
| Right click | 1088 | |
| Select / deselect | 407 | |
| Select group hotkey | 352 | |
| Use ability | 112 | |
2214 total
» units
| Peasant | 16 | |
| Footman | 13 | |
| Spell Breaker | 11 | |
| Priest | 1 | |
| Rifleman | 5 | |
| Sorceress | 6 | |
52 total
» upgrades
» buildings
| Altar of Kings | 1 | |
| Farm | 7 | |
| Barracks | 1 | |
| Scout Tower | 7 | |
| Keep | 2 | |
| Arcane Tower | 1 | |
| Arcane Vault | 1 | |
| Arcane Sanctum | 2 | |
| Lumber Mill | 1 | |
| Blacksmith | 1 | |
| Town Hall | 1 | |
| Guard Tower | 1 | |
26 total
» build order
00:02 Altar of Kings
00:18 Farm
00:20 Barracks
00:40 Farm
01:45 Scout Tower
01:48 Farm
03:00 Keep
03:01 Keep
04:50 Arcane Tower
04:51 Arcane Vault
05:24 Arcane Sanctum
05:24 Arcane Sanctum
05:52 Lumber Mill
05:56 Blacksmith
05:59 Farm
07:34 Farm
07:35 Farm
07:57 Town Hall
09:35 Scout Tower
10:28 Guard Tower
11:44 Scout Tower
11:44 Scout Tower
12:10 Farm
12:12 Scout Tower
12:13 Scout Tower
13:46 Guard Tower
13:55 Scout Tower
» items
| Scroll of Town Portal | 2 | |
| Potion of Healing | 3 | |
| Scroll of Regeneration | 3 | |
| Lesser Clarity Potion | 4 | |
| Potion of Mana | 1 | |
13 total
team 2 (loser)
AnGeL-SaSHa007 (
green | 63 APM | 1058 actions | 16:43)
1 Keeper of the Grove
1 Entangling Roots
3 Demon Hunter
2 Mana Burn
1 Evasion
» actions
| Basic commands | 5 | |
| Build / train | 55 | |
| Enter build submenu | 18 | |
| Enter hero's abilities submenu | 4 | |
| Give item / drop item | 1 | |
| Remove unit from queue | 2 | |
| Right click | 537 | |
| Select / deselect | 340 | |
| Use ability | 96 | |
1058 total
» units
| Wisp | 16 | |
| Huntress | 7 | |
| Dryad | 5 | |
| Druid of the Claw | 5 | |
| Raider | 2 | |
| Spirit Walker | 2 | |
37 total
» upgrades
| Druid of the Claw Training | 2 | |
| Abolish Magic | 1 | |
| Mark of the Claw | 1 | |
4 total
» buildings
| Moon Well | 6 | |
| Altar of Elders | 2 | |
| Ancient of War | 2 | |
| Hunter's Hall | 2 | |
| Ancient of Wonders | 1 | |
| Tree of Ages | 3 | |
| Ancient of Lore | 2 | |
| Tree of Eternity | 1 | |
| Tree of Life | 1 | |
20 total
» build order
00:20 Moon Well
00:33 Altar of Elders
01:01 Ancient of War
01:50 Hunter's Hall
02:05 Moon Well
02:21 Moon Well
02:44 Ancient of Wonders
03:57 Ancient of War
04:21 Tree of Ages
04:21 Tree of Ages
06:48 Ancient of Lore
06:50 Ancient of Lore
06:52 Tree of Eternity
08:36 Moon Well
08:38 Moon Well
08:42 Tree of Life
15:11 Tree of Ages
15:14 Hunter's Hall
15:16 Altar of Elders
15:18 Moon Well
» items
| Potion of Healing | 1 | |
| Anti-magic Potion | 1 | |
2 total
redhotchilly (
yellow | 134 APM | 2104 actions | 15:39)
5 Far Seer
3 Feral Spirit
2 Chain Lighting
3 Tauren Chieftain
1 War Stomp
2 Endurance Aura
» actions
| Assign group hotkey | 55 | |
| Basic commands | 12 | |
| Build / train | 61 | |
| ESC pressed | 2 | |
| Enter build submenu | 15 | |
| Enter hero's abilities submenu | 8 | |
| Right click | 684 | |
| Select / deselect | 330 | |
| Select group hotkey | 875 | |
| Use ability | 62 | |
2104 total
» units
| Peon | 14 | |
| Grunt | 8 | |
| Wind Rider | 9 | |
| Spirit Walker | 1 | |
| Troll Batrider | 1 | |
33 total
» upgrades
| Berserker Strength | 1 | |
| Ensnare | 1 | |
| Spirit Walker Training | 1 | |
3 total
» buildings
| Altar of Storms | 1 | |
| Orc Burrow | 8 | |
| Barracks | 1 | |
| Voodoo Lounge | 1 | |
| Stronghold | 3 | |
| Great Hall | 1 | |
| Beastiary | 2 | |
| Spirit Lodge | 1 | |
18 total
» build order
00:08 Altar of Storms
00:20 Orc Burrow
00:34 Barracks
01:30 Orc Burrow
01:58 Voodoo Lounge
03:11 Stronghold
03:19 Great Hall
04:21 Stronghold
04:22 Stronghold
05:55 Orc Burrow
05:55 Orc Burrow
06:46 Beastiary
06:47 Beastiary
07:07 Orc Burrow
09:44 Spirit Lodge
10:51 Orc Burrow
11:38 Orc Burrow
14:24 Orc Burrow
» items
| Healing Salve | 3 | |
| Lesser Clarity Potion | 1 | |
| Scroll of Speed | 4 | |
| Scroll of Town Portal | 3 | |
11 total
Chat log
(00:09 / All) Got.noSpoon: Hi hf
(00:10 / Allies) damendenie: i fe
(00:11 / Allies) Got.noSpoon: y
(00:17 / All) AnGeL-SaSHa007: thnx u2
(00:29 / Allies) damendenie: me mk
(03:44 / Allies) damendenie: :)
(03:57 / Allies) damendenie: u saw?
(04:12 / Allies) Got.noSpoon: n
(04:12 / Allies) Got.noSpoon: ^^
(06:33 / Allies) damendenie: wisp
(06:34 / Allies) damendenie: there
(06:35 / Allies) damendenie: o
(06:36 / Allies) damendenie: u hu
(06:37 / Allies) damendenie: :D
(06:38 / Allies) damendenie: rofl
(07:10 / Allies) damendenie: take
(07:12 / Allies) damendenie: or shall i?
(07:21 / Allies) Got.noSpoon: i do
(07:22 / Allies) damendenie: after
(07:54 / Allies) damendenie: lets go
(08:06 / Allies) damendenie: mb
(08:08 / Allies) damendenie: greenn
(08:10 / Allies) damendenie: wealking there
(08:20 / Allies) damendenie: both?
(09:49 / Allies) Got.noSpoon: #:)
(11:06 / Allies) damendenie: tp
(11:11 / Allies) damendenie: he s in back
(11:13 / Allies) damendenie: tp
(11:27 / All) Got.noSpoon: goddman ^^
(15:36 / All) damendenie: gg